 Dungeon Crawl Stone Soup version 0.30-a0-39-g42789b21ef (webtiles) character file.

Game seed: 3171341952052760194

95 drugrobin the Sneak (level 4, -1/37 HPs)
             Began as a Demigod Delver on Aug 28, 2022.
             Slain by Terence
             ... wielding a +0 trident
              (4 damage)
             ... on level 2 of the Dungeon.
             The game lasted 00:06:29 (2575 turns).

drugrobin the Sneak (Demigod Delver)                Turns: 2575, Time: 00:06:29

Health: -1/37      AC:  9    Str: 13    XL:     4   Next: 17%
Magic:  5/6        EV: 10    Int: 16    God:
Gold:   141        SH:  0    Dex: 15    Spells: 2/3 levels left

rFire   . . .      SeeInvis .    a - +0 short sword
rCold   . . .      Faith    .    (no shield)
rNeg    . . .      Spirit   .    m - +3 ring mail
rPois   .          Reflect  .    n - +0 helmet
rElec   .          Harm     .    (no cloak)
rCorr   .          Rampage  .    (no gloves)
Will    .....                    (no boots)
Stlth   ++........               (no amulet)
HPRegen 0.12/turn                (no ring)
MPRegen 0.10/turn                (no ring)

@: no status effects
A: high MP 1, forlorn, divine attributes
a: no special abilities


You were on level 2 of the Dungeon.
You visited 1 branch of the dungeon, and saw 5 of its levels.

You collected 141 gold pieces.

Inventory:

Hand Weapons
 a - a +0 short sword (weapon)
 l - a +1 whip of electrocution
Missiles
 k - 2 poisoned darts (quivered)
Armour
 b - a +0 leather armour
 m - a +3 ring mail (worn)
 n - a +0 helmet (worn)
Wands
 g - a wand of digging (3)
Scrolls
 c - a scroll of fog
 d - 2 scrolls of magic mapping
 e - a scroll of fear
 f - a scroll of identify {unknown}
 o - a scroll of blinking {unknown}
 q - a scroll of butterflies {unknown}
 r - a scroll of vulnerability {unknown}
 s - 2 scrolls of teleportation {unknown}
 x - a scroll of enchant armour {unknown}
 y - 2 scrolls of noise {unknown}
Potions
 h - 4 potions of might {unknown}
 i - a potion of haste
 j - a potion of cancellation {unknown}
 p - 2 potions of brilliance {unknown}
 t - a potion of degeneration {unknown}
 u - a potion of heal wounds {unknown}
 v - a potion of curing {unknown}
 w - a potion of attraction {unknown}


   Skills:
 + Level 2.9 Fighting
 + Level 3.5 Short Blades
 - Level 1.7 Dodging
 - Level 4.5 Stealth
 * Level 1.6 Hexes


You had 2 spell levels left.
You knew the following spells:

 Your Spells              Type           Power      Damage    Failure   Level
a - Slow                  Hex            20%        N/A       28%         1

Your spell library contained the following spells:

 Spells                   Type           Power      Damage    Failure   Level
 Confusing Touch          Hex            5%         N/A       63%         3
 Dazzling Flash           Conj/Hex       4%         N/A       75%         3
 Vampiric Draining        Necr           0%         2d6       86%         3
 Iskenderun's Mystic Bla  Conj/Tloc      0%         2d3       99%         4
 Starburst                Conj/Fire      0%         6d3       100%        6


Dungeon Overview and Level Annotations

Branches:
Dungeon (5/15)
 Temple: D:4-7

Annotations:
D:2 Terence
D:3 3 runed translucent doors, ytrimaz's ghost, amateur OpTm


Innate Abilities, Weirdness & Mutations

You have an increased reservoir of magic. (+10% MP)
You shall have no god before yourself.
Your divine heritage dramatically boosts your attributes as you level up.


Message History

You completely miss Terence.
Terence is moderately wounded.
Terence is no longer moving slowly.
Terence hits you but does no damage.
You barely miss Terence.
Terence is moderately wounded.
Terence hits you but does no damage.
You closely miss Terence.
Terence is moderately wounded.
Terence hits you with a +0 trident.
You hit Terence but do no damage.
Terence is heavily wounded.
Terence hits you with a +0 trident.
You hit Terence but do no damage.
Terence is heavily wounded.
Terence misses you.
You hit Terence but do no damage.
Terence is severely wounded.
Terence hits you with a +0 trident.
You hit Terence but do no damage.
Terence is severely wounded.
You hit Terence but do no damage.
Terence is severely wounded.
Terence completely misses you.
You closely miss Terence.
Terence is severely wounded.
Terence hits you with a +0 trident!
You hit Terence but do no damage.
Terence is almost dead.
Terence hits you with a +0 trident.
You hit Terence but do no damage.
Terence is almost dead.
Terence hits you with a +0 trident!
* * * LOW HITPOINT WARNING * * *
Unknown command.
Okay, then.
Unknown command.
You hit Terence.
Terence is almost dead.
Terence looks more healthy.
Terence hits you with a +0 trident.
You die...

##### ### ..... ...
######..####.#######.#
.....#.....#.#..@@(..#
..#.#......#.#.####((.#
....<......#.#.# .#
#....##....#.#.####..
#..>..................
.....#.#.......####.##
...#..†.#.###### #
.<......#.# #
....###.#.# #


You could see Terence.

Vanquished Creatures
  Robin (D:3)
  A worm (D:2)
  2 dart slugs (D:1)
  3 ball pythons
  10 bats
  7 endoplasms
  A giant cockroach (D:3)
  9 goblins
  10 hobgoblins
  8 quokkas
  6 frilled lizards
  8 kobolds
  3 rats
69 creatures vanquished.

Notes
Turn   | Place    | Note
-------+----------+-------------------------------------------
     0 | D:5      | drugrobin the Demigod Delver began the quest for the Orb.
     0 | D:5      | Reached XP level 1. HP: 18/18 MP: 3/3
    24 | D:4      | Noticed an iguana
   670 | D:3      | Found a runed translucent gate.
   671 | D:3      | Found a runed translucent gate.
   672 | D:3      | Found a runed translucent gate.
   672 | D:3      | Noticed ytrimaz's ghost (amateur OpTm)
   728 | D:3      | Reached XP level 2. HP: 22/25 MP: 4/4
   895 | D:2      | Noticed Robin
  1145 | D:3      | Killed Robin
  1231 | D:2      | Reached XP level 3. HP: 22/30 MP: 5/5
  1233 | D:2      | Learned a level 1 spell: Slow
  1642 | D:1      | Reached skill level 1 in Hexes
  2096 | D:1      | Reached XP level 4. HP: 37/37 MP: 6/6
  2552 | D:2      | Noticed Terence
  2575 | D:2      | Slain by Terence

Illustrated notes

Levels and vault maps discovered:
D:1:      scummos_arrival_checkerplants, layout_basic, hangedman_glass_teeth,
          st_stairs_14
D:2:      layout_basic, minmay_cut_off, uniq_robin, uniq_terence,
          uniq_crazy_yiuf_cottage
D:3:      layout_basic, general_overflow_altar, demons_altar,
          nicolae_uskayaw_en_pointe, nicolae_ecumenical_oubliette,
          biasface_ghost_orc_armoury
D:4:      layout_basic, nicolae_overflow_crystal_walls, kennysheep_mini_moat,
          serial_shops, shop, minmay_statues_item, uniq_edmund
D:5:      layout_basic, mainiacjoe_overflow_cross_hatched,
          minmay_fractal_squares_diagonal_5

Skill      XL: |  1  2  3 |
---------------+----------+-----
Short Blades   | 2 3 |  3.5
Hexes          | 1 |  1.6
Fighting       | |  2.9
Dodging        | |  1.7
Stealth        | |  4.5

Action                   |  1- 3 |  4- 6 || total
-------------------------+-------+-------++-------
Melee: Short sword       |   256 |    54 ||   310
       Punch             |     5 |       ||     5
Throw: Dart              |     4 |     4 ||     8
 Cast: Slow              |       |     2 ||     2
  Use: Potion            |     1 |       ||     1
 Stab: Sleeping          |     8 |     2 ||    10
Armor: Leather armour    |     8 |       ||     8
       Ring mail         |   105 |    24 ||   129
Dodge: Dodged            |   128 |    21 ||   149

Table legend: (Time is in decaauts)
 A = Elapsed time spent in this place.
 B = Non-inter-level travel time spent in this place.
 C = Inter-level travel time spent in this place.
 D = Time resting spent in this place.
 E = Time spent auto-exploring this place.
 F = Levels seen in this place.
 G = Mean time per level.
                   A        B        C        D        E       F      G
               +--------+--------+--------+--------+--------+-----+--------+
         Total |   2544 |   2527 |     17 |    611 |   1028 |   5 |  508.8 |
       Dungeon |   2544 |   2527 |     17 |    611 |   1028 |   5 |  508.8 |
               +--------+--------+--------+--------+--------+-----+--------+

Top non-repeatable levels by time:
     D:3: 1095 daAuts
     D:1: 928 daAuts
     D:2: 463 daAuts
     D:5: 31 daAuts
     D:4: 26 daAuts
